 Dungeon Crawl Stone Soup version 0.27-a0-695-gb4952372f7 (webtiles) character file.

Game seed: 3778515439713236777

25947 spiderkeys the Phalangite (level 12, -2/115 HPs)
             Began as a Minotaur Berserker on Mar 22, 2021.
             Was a High Priest of Trog.
             Killed from afar by a starcursed mass (8 damage)
             ... with an accursed screaming
             ... on level 2 of the Abyss.
             The game lasted 00:21:21 (22200 turns).

spiderkeys the Phalangite (Minotaur Berserker)     Turns: 22200, Time: 00:21:22

Health: -2/115     AC: 20    Str: 26    XL:     12   Next: 94%
Magic:  11/11      EV:  8    Int:  4    God:    Trog [*****.]
Gold:   1008       SH:  0    Dex: 11    Spells: 11/11 levels left

rFire    + . .     SeeInvis +   G - +5 trident
rCold    . . .     Faith    .   (no shield)
rNeg     . . .     Spirit   .   q - +0 plate armour
rPois    .         Reflect  .   z - +1 hat
rElec    .         Harm     .   v - +0 cloak
rCorr    .         Rampage  .   n - +0 pair of gloves
Will     ++...                  (no boots)
Stlth    ..........             (no amulet)
HPRegen  1.29/turn              g - ring of protection from fire
MPRegen  0.12/turn              A - ring of see invisible

@: berserk cooldown, regenerating (expiring), slowed, studying Polearms, very
slow
A: horns 2, retaliatory headbutt
a: Renounce Religion, Berserk, Trog's Hand, Brothers in Arms


You were on level 2 of the Abyss.
You worshipped Trog.
Trog was extremely pleased with you.
You visited 1 branch of the dungeon, and saw 13 of its levels.
You visited the Abyss 1 time.

You collected 1063 gold pieces.
You spent 55 gold pieces at shops.

Inventory:

Hand Weapons
 G - a +5 trident (weapon)
Armour
 n - a +0 pair of gloves (worn)
 q - a +0 plate armour (worn)
 v - a +0 cloak (worn)
 z - a +1 hat (worn)
Jewellery
 e - a ring of resist corrosion
 g - a ring of protection from fire (right hand)
 i - a +6 ring of intelligence
 t - an amulet of magic regeneration
 u - the ring of the Trout {+Fly MP+9}
   (You found it on level 5 of the Dungeon)

   [ring of flight]

   It affects your magic capacity (+9).
   It lets you fly.
 w - a +6 ring of intelligence
 A - a ring of see invisible (left hand)
 E - a ring of magical power
Wands
 d - a wand of mindburst (10)
 k - a wand of iceblast (1)
 o - a wand of random effects (18)
Scrolls
 b - a scroll of torment
 y - a scroll of amnesia {unknown}
 B - 2 scrolls of fog
 H - 2 scrolls of magic mapping
Potions
 c - 2 potions of cancellation
 f - 2 potions of curing
 h - 2 potions of magic {unknown}
 j - 4 potions of mutation
 m - a potion of invisibility {unknown}
 r - 2 potions of flight
 s - 2 potions of lignification
 x - 3 potions of degeneration
 C - a potion of might
 D - a potion of ambrosia {unknown}
 F - a potion of brilliance {unknown}


   Skills:
 + Level 13.3 Fighting
 * Level 21.0 Polearms
 + Level 13.0 Armour
 - Level 2.1 Dodging


You had 11 spell levels left.
You didn't know any spells.
Your spell library contained the following spells:

 Spells                   Type           Power      Damage    Failure   Level
 Animate Skeleton         Necr           0%         N/A       99%         1
 Apportation              Tloc           0%         N/A       99%         1
 Corona                   Hex            0%         N/A       99%         1
 Freeze                   Ice            0%         1d3       99%         1
 Magic Dart               Conj           0%         1d3       99%         1
 Sandblast                Erth           0%         2d4       99%         1
 Sting                    Tmut/Pois      0%         1d3       99%         1
 Summon Small Mammal      Summ           0%         N/A       99%         1
 Blink                    Tloc           N/A        N/A       100%        2
 Call Imp                 Summ           0%         N/A       100%        2
 Passwall                 Tmut/Erth      0%         N/A       100%        2
 Poisonous Vapours        Pois/Air       0%         N/A       100%        2
 Searing Ray              Conj           0%         3d3       100%        2
 Slow                     Hex            0%         N/A       100%        2
 Conjure Flame            Conj/Fire      0%         6-21      100%        3
 Dazzling Flash           Conj/Hex       0%         N/A       100%        3
 Frozen Ramparts          Ice            0%         1d2       100%        3
 Ignite Poison            Fire/Tmut/Pois 0%         N/A       100%        3
 Mephitic Cloud           Conj/Pois/Air  0%         N/A       100%        3
 Ozocubu's Armour         Ice            0%         N/A       100%        3
 Stone Arrow              Conj/Erth      0%         3d7       100%        3
 Fulminant Prism          Conj/Hex       0%         3d6       100%        4
 Hailstorm                Conj/Ice       0%         3d3       100%        4
 Iskenderun's Mystic Bla  Conj/Tloc      0%         2d3       100%        4
 Olgreb's Toxic Radiance  Pois           0%         N/A       100%        4
 Petrify                  Tmut/Erth      0%         N/A       100%        4
 Summon Ice Beast         Ice/Summ       0%         N/A       100%        4
 Lee's Rapid Deconstruct  Erth           0%         3d5*      100%        5


Dungeon Overview and Level Annotations

Branches:
Dungeon (13/15)            Temple (0/1) D:7            Lair (0/6) D:11
    Orc (0/2) D:11
 Vaults: D:13-14

Altars:
Ashenzari
Ru
Sif Muna
Uskayaw
Xom
Zin
The Shining One

Shops:
D:2 [   D:10 :   D:12 ![


Innate Abilities, Weirdness & Mutations

You have a pair of horns on your head.
You reflexively headbutt those who attack you in melee.


Message History

The hellwing is heavily wounded.
You puncture the hellwing!
The hellwing is almost dead.
You completely miss the hellwing.
The hellwing is almost dead.
The hellwing hits you but does no damage. x2
A chorus of shrieks assaults your mind.
* * * LOW HITPOINT WARNING * * *
You puncture the hellwing!
You kill the hellwing!
Trog accepts your kill.
You feel a strong urge to attack something.
You are no longer berserk.
You are exhausted.
You feel yourself slow down. A chorus of shrieks assaults your mind.
* * * LOW HITPOINT WARNING * * *
You feel better.
Your skin crawls.
You feel strong-willed.
The starcursed mass shrieks in your mind.
* * * LOW HITPOINT WARNING * * *
The starcursed mass engulfs you but does no damage.
Okay, then.
As you read the scroll of fog, it crumbles to dust.
The scroll dissolves into smoke.
The starcursed mass engulfs you but does no damage.
A chorus of shrieks assaults your mind.
* * * LOW HITPOINT WARNING * * *
The starcursed mass engulfs you but does no damage.
A chorus of shrieks assaults your mind.
* * * LOW HITPOINT WARNING * * *
You feel the effects of Trog's Hand fading.
The starcursed mass completely misses you.
You furiously retaliate!
You headbutt the starcursed mass, but do no damage.
A chorus of shrieks assaults your mind.
* * * LOW HITPOINT WARNING * * *
A chorus of shrieks assaults your mind.
You die...

# # #..#.§ § ..
###.#... .##§§#.##
....#.#..#§§§§#.
### .# #..#...§§§#
#X# ..
#...#...#.#§§§.#.##
#
#......#X#§§§#.#.#
.. . ##.####..##X.
# . #X#...#.#.#.#.
# #@#..##..##. . #.
#...##.......#.....
. #... .#.##..# .
... #### .#.. ....
### .. .## . #..# #
## ... ....# .#
#..#. ... X #.... .
##... # ## #


You could see 2 starcursed masses.

Vanquished Creatures
  A sphinx (D:13)
  A boulder beetle (D:13)
  The ghost of Thaddeus the Geomancer, a journeyman GrEE of Cheibriados (D:11)
  Erica (D:8)
  A centaur warrior (D:13)
  2 two-headed ogres
  A large abomination (Abyss:2)
  3 unseen horrors
  A deep elf pyromancer (D:12)
  3 manticores
  2 ugly things
  Maurice (D:8)
  A cyclops (D:12)
  A gargoyle (D:13)
  Maggie (D:7)
  An ancient zyme (Abyss:2)
  A hellwing (Abyss:2)
  A meliai (shapeshifter) (D:12)
  2 trolls
  3 meliai (D:12)
  A hornet (D:12)
  A vampire (D:13)
  4 wyverns
  2 shadows
  A basilisk (D:11)
  22 yaks
  2 humans (D:13)
  3 steam dragons
  Menkaure (D:6)
  A warg (D:11)
  7 water moccasins
  An acid dragon (D:12)
  8 sky beasts
  5 orc warriors
  4 ice beasts
  A black bear (D:11)
  A necrophage (D:12)
  4 ogres
  11 centaurs
  A kobold brigand (D:8)
  7 bullfrogs
  2 wyvern zombies (D:11)
  3 scorpions
  12 killer bees
  13 wights
  7 howler monkeys
  4 bullfrog zombies
  6 hounds
  2 quasits
  A centaur zombie (D:12)
  2 jellies
  A wyvern simulacrum (D:11)
  9 orc priests
  2 bullfrog skeletons (D:7)
  3 iguanas
  15 orc wizards
  12 worker ants
  Ijyb (D:3)
  2 centaur simulacra (D:11)
  A bullfrog simulacrum (D:11)
  A hound zombie (D:7)
  3 hound skeletons
  2 worker ant zombies
  A howler monkey zombie (D:8)
  13 adders
  4 gnolls
  A howler monkey skeleton (D:6)
  4 white imps
  An ufetubus (D:10)
  2 oozes
  3 adder skeletons
  4 worms
  A dart slug (D:3)
  5 leopard geckos
  43 orcs
  7 giant cockroaches
  8 hobgoblins
  7 jackals (D:2)
  5 quokkas
  2 ball pythons (D:2)
  6 bats
  2 frilled lizards
  12 goblins
  A jackal skeleton (D:8)
  10 kobolds
  2 leopard gecko skeletons
  11 rats
376 creatures vanquished.

Vanquished Creatures (others)
  2 fungi (D:11)
  20 plants (D:11)
22 creatures vanquished.

Grand Total: 398 creatures vanquished

Notes
Turn   | Place    | Note
-------+----------+-------------------------------------------
     0 | D:1      | spiderkeys the Minotaur Berserker began the quest for the
                  | Orb.
     0 | D:1      | Reached XP level 1. HP: 19/19 MP: 0/0
   274 | D:1      | Reached skill level 4 in Polearms
   276 | D:1      | Reached XP level 2. HP: 19/27 MP: 1/1
   708 | D:1      | Found a broken altar of Ashenzari.
   715 | D:1      | Reached ** piety under Trog
  1039 | D:2      | Reached XP level 3. HP: 18/33 MP: 2/2
  1368 | D:2      | Found Qanarogg's Antique Armour Shop.
  1821 | D:2      | You fall into a shaft and drop 2 floors!
  1858 | D:4      | Reached skill level 5 in Polearms
  1858 | D:4      | Reached XP level 4. HP: 36/41 MP: 3/3
  2211 | D:4      | Found a shimmering altar of Xom.
  2216 | D:4      | Found a shimmering altar of Xom.
  2216 | D:4      | Found a shimmering altar of Xom.
  2216 | D:4      | Found a shimmering altar of Xom.
  2254 | D:4      | Found a shimmering altar of Xom.
  2761 | D:3      | Noticed Ijyb
  3190 | D:3      | Killed Ijyb
  3191 | D:3      | Reached XP level 5. HP: 36/47 MP: 4/4
  3600 | D:3      | Reached skill level 5 in Fighting
  3600 | D:3      | Reached skill level 6 in Polearms
  3600 | D:3      | Reached *** piety under Trog
  4565 | D:4      | Found a glowing silver altar of Zin.
  4637 | D:4      | Reached XP level 6. HP: 56/56 MP: 5/5
  4819 | D:4      | Found a sacrificial altar of Ru.
  4822 | D:4      | Found a shimmering blue altar of Sif Muna.
  5478 | D:5      | Entered Level 5 of the Dungeon
  5722 | D:5      | Found a hide-covered altar of Uskayaw.
  5890 | D:5      | Reached skill level 7 in Polearms
  6057 | D:5      | Identified the ring of the Trout {+Fly MP+9}
  6818 | D:6      | Reached skill level 5 in Armour
  6818 | D:6      | Reached XP level 7. HP: 45/62 MP: 6/6
  7335 | D:6      | Noticed a two-headed ogre
  7344 | D:6      | Killed a two-headed ogre
  7345 | D:6      | Reached skill level 9 in Polearms
  7345 | D:6      | Reached XP level 8. HP: 38/71 MP: 7/7
  7953 | D:6      | Noticed Menkaure
  7962 | D:6      | Killed Menkaure
  8579 | D:6      | Reached skill level 10 in Polearms
  9121 | D:7      | Found a staircase to the Ecumenical Temple.
  9689 | D:7      | Reached XP level 9. HP: 79/81 MP: 8/8
  9771 | D:7      | Noticed Maggie
  9781 | D:7      | Killed Maggie
 10086 | D:7      | Reached skill level 11 in Polearms
 10462 | D:8      | Reached **** piety under Trog
 10504 | D:8      | Found a glowing golden altar of the Shining One.
 10569 | D:8      | Noticed Erica
 10580 | D:8      | Killed Erica
 10677 | D:8      | Noticed Maurice
 10836 | D:8      | Reached skill level 12 in Polearms
 11125 | D:8      | Killed Maurice
 11126 | D:8      | Reached XP level 10. HP: 79/91 MP: 9/9
 11740 | D:8      | Identified 2 scrolls of acquirement
 11740 | D:8      | Acquired a manual of Polearms
 11742 | D:8      | Acquired a manual of Polearms
 12089 | D:9      | Reached skill level 13 in Polearms
 12530 | D:9      | Reached skill level 10 in Fighting
 12611 | D:9      | Reached ***** piety under Trog
 12994 | D:10     | Entered Level 10 of the Dungeon
 13073 | D:10     | Found Mual Neowu's Book Boutique.
 13103 | D:10     | Noticed an unseen horror
 13110 | D:10     | Killed an unseen horror
 13111 | D:10     | Reached skill level 14 in Polearms
 13177 | D:10     | Reached skill level 10 in Armour
 13550 | D:10     | Reached skill level 15 in Polearms
 14094 | D:11     | Reached XP level 11. HP: 78/101 MP: 10/10
 14569 | D:11     | Found a staircase to the Lair.
 15552 | D:10     | Reached skill level 16 in Polearms
 16154 | D:11     | Noticed an unseen horror
 16158 | D:11     | Killed an unseen horror
 16227 | D:11     | Noticed an unseen horror
 16604 | D:10     | Killed an unseen horror
 17407 | D:11     | Noticed a cyan ugly thing
 17444 | D:11     | Killed a cyan ugly thing
 17445 | D:11     | Reached skill level 17 in Polearms
 17667 | D:11     | Found a staircase to the Orcish Mines.
 18335 | D:11     | Noticed a two-headed ogre
 18345 | D:11     | Killed a two-headed ogre
 18539 | D:11     | Found a runed translucent gate.
 18539 | D:11     | Found a runed translucent gate.
 18539 | D:11     | Found a runed translucent gate.
 18541 | D:11     | Noticed Thaddeus's ghost (journeyman GrEE)
 18595 | D:11     | Killed Thaddeus's ghost
 18596 | D:11     | Reached skill level 18 in Polearms
 18736 | D:12     | Found Omau's Distillery.
 18736 | D:12     | Noticed a deep elf pyromancer
 18747 | D:12     | Killed a deep elf pyromancer
 18761 | D:12     | Bought a potion of heal wounds for 55 gold pieces
 18809 | D:12     | Reached XP level 12. HP: 74/112 MP: 11/11
 18990 | D:12     | Found Wefeo's Armour Emporium.
 19195 | D:12     | Reached ****** piety under Trog
 19223 | D:12     | Paralysed by a hornet for 2 turns
 19235 | D:12     | Reached skill level 19 in Polearms
 20115 | D:12     | Received a gift from Trog
 20629 | D:13     | Noticed a centaur warrior
 20903 | D:13     | Killed a centaur warrior
 21004 | D:13     | Reached skill level 20 in Polearms
 21041 | D:13     | Noticed a boulder beetle
 21072 | D:13     | Killed a boulder beetle
 21076 | D:13     | HP: 4/113 [gargoyle/stone arrow (21)]
 21471 | D:13     | Noticed a sphinx
 21493 | D:13     | Killed a sphinx
 21873 | D:13     | Cast into level 2 of the Abyss (a wizard)
 22125 | Abyss:2  | Noticed a starcursed mass
 22139 | Abyss:2  | Paralysed by accursed screaming for 1 turns
 22176 | Abyss:2  | Reached skill level 21 in Polearms
 22186 | Abyss:2  | HP: 5/115 [starcursed mass/accursed screaming (7)]
 22193 | Abyss:2  | HP: 4/115 [starcursed mass/accursed screaming (9)]
 22199 | Abyss:2  | HP: 4/115 [starcursed mass/accursed screaming (6)]
 22200 | Abyss:2  | Killed from afar by a starcursed mass

Illustrated notes

Levels and vault maps discovered:
D:1:      evilmike_arrival_fibonacci_small, layout_loops_cross, nrook_campfire,
          minivault_11, minmay_hexomino_r4
D:2:      layout_basic, serial_shops, shop
D:3:      kennysheep_the_goblin_king, layout_basic, minmay_quadrilaterals
D:4:      layout_layer_cave, grunt_temple_overflow_open, xom_redecorated,
          minmay_ruptured
D:5:      layout_layer_cave, kennysheep_mini
D:6:      layout_gridville, uniq_menkaure
D:7:      layout_loops_corners, minmay_temple_entry_overgrown,
          kennysheep_generic_room_16, uniq_maggie
D:8:      minmay_razor_zed, layout_cave_pools, marbit_many_paths,
          minmay_misc_feat_secret_circle, uniq_erica, uniq_maurice
D:9:      layout_loops_ring
D:10:     layout_long_grid, serial_shops, shop
D:11:     layout_roguey, minmay_lair_entry_grove, david_orc_3,
          gammafunk_ghost_necromancy, hangedman_misty_isle
D:12:     layout_basic, serial_shops, shop_coins, hangedman_decor_push,
          kennysheep_windowed_goal
D:13:     layout_small_grid, grunt_vaults_entry_tiered, enter_bailey_2,
          hangedman_corner_corridor
Abyss:2:  base:
D:1

Skill      XL: |  1  2  3  4  5  6  7  8  9 10 11 12 |
---------------+-------------------------------------+-----
Polearms       | 4 5 6 7 9 10 12 15 18 21 | 21.0
Fighting       | 4 5 6 8 9 10 12 13 | 13.3
Armour         | 3 4 5 6 7 9 10 11 13 | 13.0
Dodging        | |  2.1

Action                   |  1- 3 |  4- 6 |  7- 9 | 10-12 || total
-------------------------+-------+-------+-------+-------++-------
Melee: Spear             |   109 |   105 |       |       ||   214
       Headbutt          |    14 |    26 |    48 |   168 ||   256
       Trident           |       |    77 |   258 |   882 ||  1217
Invok: Berserk           |       |     2 |     7 |    11 ||    20
       Trog's Hand       |       |       |       |     3 ||     3
Evoke: Wand              |       |       |       |     2 ||     2
  Use: Potion            |     1 |       |     2 |     7 ||    10
       Scroll            |       |       |     7 |    17 ||    24
 Stab: Sleeping          |     1 |       |       |       ||     1
Armor: Animal skin       |     8 |       |       |       ||     8
       Scale mail        |       |    40 |       |       ||    40
       Chain mail        |       |     5 |       |       ||     5
       Plate armour      |       |    22 |   172 |   538 ||   732
Dodge: Dodged            |    53 |    72 |    83 |   300 ||   508

Table legend: (Time is in decaauts)
 A = Elapsed time spent in this place.
 B = Non-inter-level travel time spent in this place.
 C = Inter-level travel time spent in this place.
 D = Time resting spent in this place.
 E = Time spent auto-exploring this place.
 F = Levels seen in this place.
 G = Mean time per level.
                   A        B        C        D        E       F      G
               +--------+--------+--------+--------+--------+-----+--------+
         Total |  21971 |  21360 |    611 |   8389 |  10669 |  14 | 1569.4 |
       Dungeon |  21653 |  21042 |    611 |   8269 |  10669 |  13 | 1665.6 |
         Abyss |    317 |    317 |      0 |    120 |      0 |   1 |  317.0 |
               +--------+--------+--------+--------+--------+-----+--------+

Top non-repeatable levels by time:
    D:10: 4023 daAuts
    D:12: 2723 daAuts
     D:6: 2271 daAuts
     D:3: 1591 daAuts
     D:2: 1577 daAuts
    D:11: 1552 daAuts
     D:8: 1517 daAuts
     D:7: 1419 daAuts
     D:4: 1369 daAuts
     D:5: 1292 daAuts
     D:9: 966 daAuts
     D:1: 921 daAuts
    D:13: 427 daAuts
 Abyss:2: 317 daAuts
